 Dungeon Crawl Stone Soup version 0.24.0-123-gd5b16e6ec5 (webtiles) character file.

Game seed: 5027833989733673903, levelgen mode: deterministic

4633 Goreval the Carver (level 10, -8/82 HPs)
             Began as a Barachi Berserker on Feb 1, 2020.
             Was a High Priest of Trog.
             Mangled by an elephant (13 damage)
             ... on level 9 of the Dungeon on Feb 4, 2020.
             The game lasted 00:23:27 (10973 turns).

Goreval the Carver (Barachi Berserker)             Turns: 10973, Time: 00:23:28

Health: -8/82      AC: 14    Str: 22    XL:     10   Next: 43%
Magic:  10/10      EV: 11    Int:  7    God:    Trog [*****.]
Gold:   408        SH:  0    Dex: 12    Spells: 9/9 levels left

rFire    . . .     SeeInvis +   a - +1 falchion
rCold    . . .     Gourm    .   (no shield)
rNeg     . . .     Faith    .   w - +1 chain mail
rPois    +         Spirit   .   (no helmet)
rElec    .         Reflect  .   e - +0 cloak
rCorr    .         Harm     .   m - +0 pair of gloves
MR       ++...                  (no boots)
Stlth    ..........             (no amulet)
HPRegen  1.23/turn              q - ring of poison resistance
MPRegen  0.12/turn              y - ring of see invisible

@: can't hop, berserk cooldown, regenerating, slowed, very slow
A: +LOS, swims, slowness 1, strong legs 1
a: Hop, Berserk, Trog's Hand, Brothers in Arms, Renounce Religion


You were on level 9 of the Dungeon.
You worshipped Trog.
Trog was extremely pleased with you.
You were near starving.

You visited 2 branches of the dungeon, and saw 10 of its levels.

You collected 598 gold pieces.
You spent 190 gold pieces at shops.

Inventory:

Hand Weapons
 a - a +1 falchion (weapon)
Missiles
 k - 176 stones (quivered)
Armour
 e - a +0 cloak (worn)
 m - a +0 pair of gloves (worn)
 w - a +1 chain mail (worn)
Jewellery
 q - a ring of poison resistance (left hand)
 y - a ring of see invisible (right hand)
 z - an uncursed ring of flight
Wands
 c - a wand of random effects (17)
 j - a wand of disintegration (16)
Scrolls
 h - 7 scrolls of teleportation
 n - 2 scrolls of magic mapping
 t - 6 scrolls of remove curse
 u - 2 scrolls of enchant weapon
 A - 2 scrolls of blinking
 B - a scroll of identify
 E - a scroll of enchant armour
Potions
 b - a potion of haste
 d - a potion of lignification
 f - a potion of cancellation
 g - a potion of magic
 i - 2 potions of heal wounds
 l - a potion of berserk rage
 o - a potion of agility
 p - a potion of ambrosia
 r - 2 potions of flight
 v - 3 potions of curing
Comestibles
 s - 6 rations


   Skills:
 + Level 8.9 Fighting
 * Level 11.6 Long Blades
 + Level 8.4 Armour
 + Level 7.6 Dodging


You had 9 spell levels left.
You didn't know any spells.
Your spell library was empty.

Dungeon Overview and Level Annotations

Branches:
Dungeon (9/15)             Temple (0/1) D:4            Lair (1/6) D:9
    Orc (0/2) D:9

Altars:
Ashenzari
Cheibriados
Dithmenos
Makhleb
Okawaru
Sif Muna
Vehumet
Wu Jian
Xom

Shops:
D:6 =?:%*

Annotations:
D:7 exclusion: oklob plant


Innate Abilities, Weirdness & Mutations

Shadows flee at your approach. (+LOS)
You can swim through water.
You cover ground slowly.
You can hop short distances.


Message History

The elephant tramples you!
* * * LOW HITPOINT WARNING * * *
You hold your ground!
The elephant trunk-slaps you.
* * * LOW HITPOINT WARNING * * *
Hop to where?
Boing!
There is a staircase to the Lair here.
You hit the elephant. The elephant barely misses you.
The elephant trunk-slaps you but does no damage.
You hit the elephant but do no damage. The elephant tramples you!
* * * LOW HITPOINT WARNING * * *
You stumble backwards!
Your skin crawls.
You feel resistant to hostile enchantments.
You are near starving!
The elephant tramples you!
* * * LOW HITPOINT WARNING * * *
You stumble backwards!
The elephant tramples you!
You die...

##.....##.....##
###..............##
.................#
................#
###.....####รท....#
##..$......##.....# ..
##...........#.....####### ...#
##...P.....................
.>...##....)))>Y@........#.######
........)....(..........##....#.<
...#..###.)P.....P..#............
##. ##.).......##............ .
#. ###.....####..##........ . #[
.....### ##.#?........ # ..
......# #.#.#....... . S.
.#####.# .#.##...... # .# #..
#.....#


You could see an elephant.

Vanquished Creatures
  Pikel (D:5)
  A hippogriff (D:7)
  Duvessa (D:4)
  2 orc warriors (D:9)
  A black bear (D:6)
  A slave (D:5)
  7 phantoms
  3 sky beasts
  A necrophage (D:8)
  3 ogres
  4 centaurs
  2 crocodiles
  3 bullfrogs
  Dowan (D:4)
  2 scorpions
  5 crimson imps
  11 jellies
  4 orc priests
  A gnoll shaman (D:6)
  A hound (D:6)
  7 orc wizards
  3 bullfrog skeletons
  2 iguanas
  Ijyb (D:4)
  8 worker ants
  5 gnolls (D:6)
  8 adders
  3 shadow imps
  13 oozes
  5 adder skeletons
  4 worms
  4 dart slugs
  4 leopard geckos
  17 orcs
  3 giant cockroaches
  8 goblins
  6 hobgoblins
  19 jackals
  7 kobolds
  3 quokkas
  3 ball pythons (D:3)
  11 bats
  8 frilled lizards
  4 quokka skeletons
  10 rats
221 creatures vanquished.

Vanquished Creatures (others)
  An orc (D:5)
  4 fungi (D:7)
5 creatures vanquished.

Grand Total: 226 creatures vanquished

Notes
Turn   | Place    | Note
-------+----------+-------------------------------------------
     0 | D:1      | Goreval the Barachi Berserker began the quest for the Orb.
     0 | D:1      | Reached XP level 1. HP: 18/18 MP: 1/1
    68 | D:1      | Reached XP level 2. HP: 21/25 MP: 2/2
   153 | D:1      | Reached skill level 4 in Long Blades
   209 | D:1      | Found a shattered altar of Ashenzari.
   506 | D:1      | Reached XP level 3. HP: 28/30 MP: 3/3
   618 | D:1      | Reached ** piety under Trog
  1219 | D:2      | Found a shadowy altar of Dithmenos.
  1664 | D:2      | Reached XP level 4. HP: 21/37 MP: 4/4
  2620 | D:3      | Reached skill level 5 in Long Blades
  2620 | D:3      | Reached XP level 5. HP: 43/43 MP: 5/5
  2760 | D:3      | Reached *** piety under Trog
  3118 | D:3      | Reached XP level 6. HP: 50/50 MP: 6/6
  3570 | D:4      | Reached skill level 5 in Fighting
  3570 | D:4      | Reached skill level 6 in Long Blades
  3693 | D:4      | Noticed a phantom
  3803 | D:4      | Killed a phantom
  3803 | D:4      | Reached XP level 7. HP: 54/56 MP: 7/7
  3870 | D:4      | Noticed Duvessa
  3870 | D:4      | Noticed Dowan
  3883 | D:4      | Killed Duvessa
  3900 | D:4      | Killed Dowan
  4112 | D:4      | Reached skill level 7 in Long Blades
  4366 | D:4      | Found a staircase to the Ecumenical Temple.
  4536 | D:4      | Noticed Ijyb
  4556 | D:4      | Killed Ijyb
  4556 | D:4      | Reached skill level 5 in Armour
  4726 | D:5      | Entered Level 5 of the Dungeon
  4967 | D:5      | Reached XP level 8. HP: 55/64 MP: 8/8
  5208 | D:5      | Reached skill level 8 in Long Blades
  5208 | D:5      | Reached skill level 5 in Dodging
  5549 | D:5      | Found a burning altar of Makhleb.
  6031 | D:5      | Noticed Pikel
  6066 | D:5      | Killed Pikel
  6066 | D:5      | Reached skill level 9 in Long Blades
  6066 | D:5      | Reached XP level 9. HP: 70/72 MP: 9/9
  6339 | D:5      | Reached **** piety under Trog
  6918 | D:6      | Found Sush's Jewellery Emporium.
  7055 | D:6      | Found Ceazin's Magic Scroll Boutique.
  7063 | D:6      | Bought a scroll of identify for 20 gold pieces
  7063 | D:6      | Bought a scroll of blinking for 75 gold pieces
  7063 | D:6      | Bought a scroll of identify for 20 gold pieces
  7063 | D:6      | Bought a scroll of blinking for 75 gold pieces
  7127 | D:6      | Reached skill level 10 in Long Blades
  7167 | D:6      | Found Desteox's Book Shoppe.
  7322 | D:6      | Found Siajych's Food Boutique.
  7437 | D:6      | Found Zapnank's Assorted Antiques.
  7796 | D:6      | Found an iron altar of Okawaru.
  8464 | D:7      | Noticed an oklob plant
  8495 | D:7      | Reached XP level 10. HP: 12/80 MP: 10/10
  9004 | D:7      | Reached skill level 11 in Long Blades
  9430 | D:7      | Found a radiant altar of Vehumet.
  9593 | D:8      | Found an ornate altar of the Wu Jian Council.
  9650 | D:8      | Found a shimmering altar of Xom.
 10057 | D:8      | Reached ***** piety under Trog
 10290 | D:8      | Found a snail-covered altar of Cheibriados.
 10293 | D:8      | Found a shimmering blue altar of Sif Muna.
 10550 | D:9      | Found a staircase to the Lair.
 10564 | D:9      | Found a staircase to the Orcish Mines.
 10576 | D:9      | Noticed an elephant
 10586 | D:9      | HP: 4/82 [orc priest/nerve-wracking pain (7)]
 10592 | Lair:1   | Entered Level 1 of the Lair of Beasts
 10973 | D:9      | Mangled by an elephant

Levels and vault maps discovered:
D:1:      lemuel_arrival_cross, layout_basic, nicolae_ashenzari_panopticon
D:2:      layout_loops_ring, nicolae_dithmenos_shadow_blocks
D:3:      layout_basic
D:4:      layout_loops_ring, minmay_temple_entry_from_below_a, uniq_ijyb,
          uniq_duvessa
D:5:      layout_gridville, first_ration, basic_altar, uniq_pikel
D:6:      layout_loops_ring, kennysheep_mini, serial_shops,
          nicolae_shop_window_shopping, nicolae_shop_statue_plus, shop, shop,
          shop, minmay_misc_feat_hallway
D:7:      lemuel_slime, layout_basic, basic_altar
D:8:      layout_cave_pools, grunt_temple_overflow_open
D:9:      layout_rooms, nicolae_ru_the_path_less_chosen, david_lair_generic,
          minmay_orc_entry_temple_small, the_bakery
Lair:1:   layout_chaotic_city, cheibrodos_lair_lostbears, lemuel_fruit_fields,
          uniq_prince_ribbit2

Skill      XL: |  1  2  3  4  5  6  7  8  9 10 |
---------------+-------------------------------+-----
Long Blades    | 4 5 6 7 9 10 11 | 11.6
Fighting       | 4 5 6 7 8 |  8.9
Armour         | 3 4 5 6 7 8 |  8.4
Dodging        | 3 4 5 7 |  7.6

Action                   |  1- 3 |  4- 6 |  7- 9 | 10-12 || total
-------------------------+-------+-------+-------+-------++-------
Melee: Falchion          |   120 |   222 |   511 |   245 ||  1098
Throw: Stone             |       |    22 |    82 |    43 ||   147
Invok: Berserk           |       |     3 |     3 |     2 ||     8
       Trog's Hand       |       |       |       |     1 ||     1
 Abil: Hop               |       |       |       |     3 ||     3
  Use: Scroll            |       |    12 |     4 |     4 ||    20
  Eat: Chunk             |     2 |    11 |    13 |     6 ||    32
       Ration            |       |       |     2 |     1 ||     3
Armor: Ring mail         |    54 |    47 |       |       ||   101
       Chain mail        |       |    32 |   213 |   114 ||   359
Dodge: Dodged            |    86 |   119 |   195 |   134 ||   534
       Rpst.: Falchion   |    31 |    31 |    59 |    43 ||   164
